Map: New Gettysburg LE

Players

Nerchio - Winner!

  • Race: Zerg Zerg
  • League: Master

MarineLorD

  • Race: Terran Terran
  • League: Master

Event: DreamHack ZOWIE Open Valencia 2016

VOD

https://www.youtube.com/watch?v=7m1GL6YfvFQ

Description

Time

  • Played on: July 16, 2016, 12:39 p.m.
  • Length: 20:27

All games in this series

Show
View Real Time Build Order
Export as new Build Order

Nerchio Zerg - Winner!

Build Orders: Hatch First 

Get SALT Encoding   

  12  0:00  Drone  
  13  0:13  Overlord  
  13  0:18  Drone  
  14  0:31  Drone x2  
  14  0:35  Drone  
  17  0:53  Hatchery  
  17  0:56  Drone  
  17  0:59  Drone  
  18  1:05  Extractor  
  17  1:16  Spawning Pool  
  17  1:18  Drone  
  17  1:21  Drone  
  18  1:28  Drone  
  19  1:39  Overlord  
  19  1:50  Drone  
  20  2:03  Queen  
  20  2:04  Queen, Zergling x2  
  20  2:05  Zergling x2  
  26  2:10  Metabolic Boost  
  26  2:13  Drone  
  27  2:16  Drone  
  29  2:22  Drone  
  29  2:26  Drone  
  30  2:35  Drone  
  31  2:39  Drone, Queen  
  31  2:43  Queen  
  36  2:48  Overlord  
  36  2:53  Overlord  
  36  3:07  Drone x3  
  36  3:10  Drone  
  36  3:12  Drone x2  
  42  3:13  Drone x3  
  42  3:18  Drone x2  
  47  3:30  Hatchery  
  47  3:31  Drone  
  47  3:38  Roach Warren  
  47  3:39  Zergling x2  
  47  3:40  Zergling x2  
  48  3:43  Overlord  
  48  3:48  Drone  
  49  3:49  Drone  
  49  3:52  Drone x2  
  52  3:58  Evolution Chamber  
  52  4:01  Drone  
  52  4:02  Drone x3  
  55  4:09  Overlord  
  55  4:20  Roach x2  
  59  4:27  Overlord x2  
  59  4:28  Extractor x2  
  59  4:29  Roach x5  
  59  4:31  Overlord  
  67  4:34  Overlord  
  67  4:44  Queen  
  69  4:50  Drone x4  
  73  4:58  Drone x2  
  72  5:00  Zerg Ground Armor Level 1  
  72  5:01  Drone x4  
  76  5:07  Queen  
  76  5:10  Drone x3  
  81  5:15  Lair  
  81  5:19  Roach x2  
  85  5:21  Roach  
  85  5:26  Roach  
  85  5:27  Roach  
  91  5:32  Evolution Chamber, Roach  
  91  5:33  Overlord  
  91  5:34  Extractor  
  91  5:35  Overlord  
  91  5:38  Drone x3  
  91  5:41  Overlord  
  94  5:45  Overlord  
  94  6:03  Drone x3  
  94  6:04  Drone x2  
  99  6:05  Roach x7  
  114  6:11  Drone x4  
  114  6:12  Drone  
  114  6:13  Ravager, Extractor  
  114  6:14  Ravager x2  
  114  6:16  Overlord  
  119  6:21  Extractor  
  119  6:23  Zergling x6  
  119  6:24  Glial Reconstitution  
  121  6:29  Drone x3  
  121  6:30  Zergling x6  
  121  6:32  Overlord  
  127  6:37  Overlord  
  127  6:43  Infestation Pit, Roach x3  
  127  6:44  Roach  
  127  6:46  Roach  
  136  6:51  Overlord  
  136  7:00  Roach x2  
  140  7:04  Drone x3  
  140  7:07  Hatchery  
  140  7:08  Zerg Ground Armor Level 2  
  139  7:10  Drone  
  139  7:11  Drone x2  
  139  7:14  Zerg Melee Weapons Level 1  
  140  7:26  Drone x3  
  140  7:27  Overlord x2, Infestor x2  
  140  7:29  Zergling x2  
  149  7:30  Zergling x2  
  149  7:35  Overlord x2  
  149  7:39  Overlord x2  
  148  7:45  Overlord  
  148  7:48  Hive  
  148  7:50  Extractor  
  147  7:53  Zergling x6  
  147  7:56  Drone  
  147  7:57  Drone  
  152  7:59  Roach x4  
  160  8:08  Drone x2, Overlord  
  162  8:15  Ravager x3  
  162  8:17  Overlord  
  164  8:38  Zergling x8  
  152  8:43  Roach x12  
  172  8:50  Ravager x2, Zergling x2  
  172  8:52  Ravager x2  
  172  8:53  Ravager  
  172  8:54  Zergling x12  
  182  9:03  Adrenal Glands, Ultralisk Cavern  
  182  9:07  Zergling x2  
  182  9:08  Zergling x12  
  188  9:13  Zergling x6  
  188  9:15  Zergling x2  
  192  9:21  Zergling x2  
  192  9:22  Zergling x2  
  192  9:23  Zergling x12  
  197  9:29  Zergling x4  
  183  9:37  Zerg Ground Armor Level 3  
  180  9:42  Overlord  
  177  9:49  Chitinous Plating  
  177  9:51  Ultralisk x2  
  177  9:52  Ultralisk  
  195  9:57  Drone x2  
  197  10:07  Extractor  
  197  10:11  Nydus Network, Zerg Melee Weapons Level 2  
  195  10:27  Hatchery  
  194  10:33  Pneumatized Carapace  
  189  10:36  Overlord  
  189  10:40  Spire  
  188  11:00  Nydus Canal, Zergling x2  
  188  11:01  Zergling x20  
  199  11:14  Spire  
  198  11:21  Baneling Nest  
  179  11:33  Ultralisk x3  
  179  11:35  Nydus Canal  
  179  11:37  Ultralisk  
  189  11:42  Infestor x2  
  189  11:44  Zergling x8  
  189  11:45  Zergling x18  
  189  11:46  Zergling x12  
  189  11:52  Ultralisk  
  192  11:58  Ultralisk  
  192  12:00  Zergling x16  
  195  12:05  Centrifical Hooks  
  182  12:19  Greater Spire  
  182  12:24  Overseer  
  182  12:26  Zergling x20  
  192  12:40  Extractor  
  192  12:41  Extractor  
  192  12:43  Baneling  
  192  12:44  Baneling x20  
  190  12:46  Baneling  
  190  12:47  Zergling x2, Baneling x7  
  190  12:48  Zergling x18  
  200  13:05  Zerg Flyer Armor Level 1  
  160  13:22  Zergling x8  
  160  13:23  Corruptor x5, Zergling x8  
  160  13:24  Corruptor  
  165  13:29  Zergling x18  
  171  13:46  Zerg Melee Weapons Level 3  
  163  13:59  Baneling x7  
  163  14:03  Corruptor x3  
  163  14:10  Infestor x2  
  163  14:13  Zergling x2  
  163  14:14  Zergling x18  
  163  14:15  Zergling x2  
  171  14:18  Baneling  
  171  14:19  Baneling x4  
  171  14:21  Overseer x2  
  171  14:31  Brood Lord  
  171  14:32  Brood Lord  
  171  14:35  Nydus Canal  
  171  14:37  Brood Lord  
  177  14:43  Brood Lord  
  178  14:48  Brood Lord  
  178  14:50  Brood Lord  
  179  14:59  Corruptor x2  
  183  15:10  Corruptor x2  
  183  15:13  Baneling x8  
  187  15:24  Corruptor  
  187  15:25  Corruptor  
  187  15:27  Corruptor  
  193  15:34  Overseer x3  
  193  15:35  Overseer  
  193  15:37  Corruptor  
  193  15:41  Corruptor  
  197  15:55  Corruptor  
  199  15:59  Baneling x11  
  179  16:14  Ultralisk x2  
  162  16:19  Zergling x10  
  162  16:24  Infestor x2  
  154  16:30  Zergling x2  
  154  16:31  Zergling x8  
  155  16:40  Brood Lord  
  155  16:41  Brood Lord  
  155  16:46  Brood Lord  
  162  16:54  Zergling x12  
  162  16:55  Zergling x2  
  168  17:14  Brood Lord x2  
  172  17:20  Overseer  
  172  17:21  Overseer x3, Hatchery  
  171  17:26  Zergling x10  
  171  17:27  Zergling x2  
  171  17:28  Zergling x2  
  178  17:33  Infestor  
  180  17:38  Baneling x9  
  180  17:39  Baneling x2  
  180  17:40  Baneling  
  180  17:41  Baneling  
  180  17:46  Overlord x2  
  180  17:52  Overlord x2  
  180  17:57  Baneling x4  
  180  17:58  Baneling x3  
  170  18:17  Zergling x28  
  170  18:22  Zergling x8  
  164  18:27  Zergling x6  
  164  18:30  Zergling x6  
  168  18:38  Zergling x10  
  173  18:45  Baneling x10  
  173  18:46  Baneling  
  173  18:47  Baneling x2  
  173  18:48  Baneling x2  
  173  18:49  Baneling  
  173  18:56  Infestor x2  
  173  19:00  Corruptor  
  173  19:02  Corruptor  
  179  19:07  Corruptor  
  183  19:11  Corruptor  
  183  19:13  Corruptor  
  183  19:17  Corruptor  
  187  19:20  Corruptor  
  189  19:32  Corruptor  
  189  19:33  Corruptor  
  189  19:44  Baneling x11  
  189  19:46  Baneling  
  189  19:50  Zergling x8  
  189  19:51  Zergling x10  
  189  19:52  Zergling x2  
  199  19:53  Zergling x2  
  199  19:58  Baneling x5  
  200  20:08  Hatchery  
Show
View Real Time Build Order
Export as new Build Order

MarineLorD Terran 

Build Orders: Reaper Expand, MMM Bio 

Get SALT Encoding   

  12  0:00  SCV  
  13  0:12  SCV  
  14  0:18  Supply Depot  
  14  0:25  SCV  
  15  0:40  SCV  
  15  0:42  Barracks  
  16  0:45  Refinery  
  16  0:52  SCV  
  17  1:04  SCV  
  18  1:16  SCV  
  19  1:28  Orbital Command  
  19  1:30  Reaper  
  20  1:43  Command Center  
  20  1:53  Supply Depot  
  20  1:54  SCV  
  21  2:01  Marine  
  21  2:06  SCV  
  23  2:09  Factory  
  23  2:18  SCV  
  23  2:22  Barracks Reactor  
  24  2:30  SCV  
  25  2:42  SCV  
  26  2:47  Command Center  
  26  2:54  SCV  
  26  2:56  Orbital Command  
  27  3:06  Hellion x2, Barracks Tech Lab  
  27  3:09  SCV  
  32  3:21  SCV  
  32  3:23  SCV  
  32  3:25  Marine  
  32  3:26  Stimpack  
  35  3:35  Factory Reactor  
  35  3:36  Barracks  
  35  3:37  Barracks  
  35  3:38  SCV  
  35  3:39  SCV  
  37  3:49  Supply Depot, Marauder  
  37  3:50  SCV  
  37  3:51  SCV  
  37  3:53  Refinery  
  41  4:02  SCV  
  42  4:03  SCV  
  42  4:06  Orbital Command  
  43  4:14  Engineering Bay x2, SCV  
  43  4:15  SCV  
  45  4:19  Marine  
  46  4:27  SCV  
  46  4:29  SCV  
  46  4:30  Starport  
  48  4:32  Factory Reactor, Refinery  
  48  4:33  SCV  
  48  4:38  Marine  
  50  4:39  SCV, Marine  
  50  4:42  Refinery, Marine  
  50  4:44  Marine  
  54  4:45  Marine  
  54  4:48  SCV  
  56  4:53  SCV  
  56  4:58  Terran Infantry Weapons Level 1  
  56  5:00  Terran Infantry Armor Level 1, Orbital Command, SCV  
  56  5:05  SCV  
  56  5:06  Marine x2, Marauder  
  56  5:07  Supply Depot, Marine  
  60  5:09  Marine  
  60  5:12  SCV  
  63  5:17  SCV  
  64  5:21  Supply Depot  
  64  5:23  Medivac, Factory Tech Lab  
  64  5:24  SCV  
  64  5:26  Marine x2  
  69  5:29  Medivac, Marine x2  
  69  5:31  SCV x2  
  69  5:32  Supply Depot  
  75  5:36  Marine, Combat Shields  
  76  5:43  SCV, Marine x2  
  76  5:44  SCV x2  
  76  5:47  Siege Tank  
  76  5:48  Supply Depot  
  84  5:55  Supply Depot  
  84  5:56  SCV x2, Marine x2  
  88  5:57  Marine  
  88  5:59  Medivac  
  88  6:01  Marine  
  88  6:03  SCV  
  93  6:10  SCV x2, Marine  
  96  6:14  Marine  
  96  6:15  SCV  
  97  6:19  Bunker  
  97  6:22  Supply Depot x2, SCV  
  97  6:24  Supply Depot, Siege Tank  
  101  6:27  Supply Depot  
  101  6:28  SCV  
  101  6:29  SCV, Armory  
  101  6:31  Refinery  
  103  6:32  Medivac  
  103  6:34  SCV  
  103  6:36  Marine x3  
  109  6:43  Medivac, Marine x2, SCV  
  109  6:46  SCV  
  115  6:54  Marine x3  
  117  6:58  SCV  
  117  7:01  Marine x2  
  121  7:02  Medivac  
  121  7:04  SCV  
  121  7:06  Siege Tank  
  126  7:11  Marine x2  
  126  7:12  Marine  
  126  7:13  Medivac  
  126  7:14  Barracks, Supply Depot  
  126  7:15  Barracks, Supply Depot  
  130  7:18  Marine x2  
  130  7:22  Refinery  
  131  7:26  Supply Depot  
  131  7:29  Marine  
  132  7:31  Marine  
  132  7:32  Medivac, Marine  
  132  7:36  Marine x2  
  138  7:38  Siege Tank  
  138  7:43  Medivac  
  143  7:47  Marine  
  143  7:49  Marine  
  143  7:50  Marine  
  142  7:54  Marine x2  
  144  8:01  Supply Depot  
  144  8:02  Barracks x2, Medivac  
  144  8:03  Barracks  
  144  8:05  Marine  
  141  8:10  Supply Depot  
  141  8:11  Terran Infantry Armor Level 2, Terran Infantry Weapons Level 2  
  141  8:13  Medivac, Barracks Tech Lab x2  
  141  8:18  Marine, Marauder  
  145  8:20  Marine x2  
  145  8:23  SCV x2  
  145  8:24  SCV  
  150  8:27  Marine  
  151  8:35  SCV  
  151  8:36  Marine  
  151  8:37  Marauder  
  151  8:40  Marauder  
  153  8:44  Siege Tank  
  153  8:45  Marauder  
  153  8:47  Medivac x2, Marine x2  
  154  8:48  Marine  
  154  8:49  Marine  
  154  8:52  Barracks Tech Lab x2  
  156  8:57  Command Center  
  156  8:59  Liberator  
  156  9:00  Liberator  
  156  9:01  Marine x2, Marauder  
  159  9:05  Marine x2  
  159  9:06  Marine x3  
  164  9:13  Marine  
  164  9:14  Marauder  
  170  9:18  Marine  
  170  9:19  Marine  
  170  9:22  Marine  
  170  9:23  Marine x2  
  178  9:24  Marine x2, Marauder  
  178  9:31  Marine  
  158  9:34  Marine  
  158  9:36  Marine  
  158  9:37  Marine  
  155  9:40  Marine x3  
  155  9:42  Liberator x2, Marine  
  155  9:44  Terran Ship Weapons Level 1  
  155  9:45  Marine, Ghost Academy  
  161  9:49  Marauder  
  165  9:53  Marauder  
  165  9:54  Marine  
  165  9:55  Marauder  
  165  9:58  Marauder  
  173  10:00  Barracks Reactor  
  173  10:03  Marauder  
  177  10:16  Planetary Fortress, Refinery x2  
  177  10:19  Marine x3  
  177  10:20  Marine  
  188  10:30  Supply Depot  
  188  10:34  Ghost x3  
  188  10:35  Ghost  
  179  10:40  Ghost  
  182  10:48  Sensor Tower  
  182  11:01  Terran Infantry Weapons Level 3  
  182  11:02  Ghost  
  182  11:03  Ghost  
  186  11:06  Ghost  
  186  11:10  Ghost  
  190  11:14  Marine, Ghost  
  190  11:15  Marine  
  190  11:18  Marine  
  195  11:26  Orbital Command  
  195  11:31  Marine  
  195  11:32  Marauder x2  
  186  11:33  Marine  
  186  11:34  Marine  
  186  11:35  Marine  
  186  11:36  Marauder  
  185  11:40  Marauder  
  185  11:43  Marine x2, Marauder  
  184  11:48  Marine  
  184  11:53  Marauder x2  
  189  11:55  Marine  
  189  11:56  Medivac  
  188  12:03  Marauder  
  188  12:05  Marauder  
  188  12:06  Marauder  
  187  12:09  Personal Cloaking  
  187  12:10  Terran Infantry Armor Level 3  
  187  12:11  Marine  
  188  12:18  Supply Depot  
  188  12:19  Supply Depot  
  188  12:39  Ghost x2  
  188  12:40  Marine, Ghost, Marauder  
  188  12:41  Marauder  
  199  13:11  SCV  
  148  13:21  Marine x4  
  148  13:22  Marauder x2  
  148  13:23  Marine x3  
  148  13:28  Marine  
  148  13:29  Marauder  
  148  13:30  Orbital Command  
  147  13:39  Marine  
  145  13:41  Marine, Marauder  
  145  13:42  Marine x2  
  145  13:43  Marauder  
  145  13:44  Marauder  
  145  13:45  Marine  
  145  13:47  Marauder  
  150  13:50  Marauder  
  150  13:54  Marine  
  153  13:57  Marine  
  153  14:01  Marine x2  
  159  14:03  Marauder  
  159  14:05  Marauder  
  160  14:11  Ghost x2  
  160  14:13  Marauder  
  166  14:22  Starport Reactor  
  166  14:23  Marine x2  
  165  14:24  Marauder  
  165  14:26  Marauder  
  165  14:31  Supply Depot  
  169  14:33  Supply Depot  
  169  14:36  Marauder  
  171  14:39  Marine  
  172  14:52  Marine x3  
  176  14:58  Supply Depot x2  
  180  15:06  Viking x2  
  179  15:07  Ghost  
  179  15:08  Orbital Command  
  181  15:16  SCV  
  181  15:18  SCV  
  183  15:26  Ghost  
  185  15:28  SCV  
  185  15:35  Ghost  
  186  15:40  SCV  
  186  15:41  Ghost  
  186  16:05  Missile Turret  
  186  16:06  Missile Turret  
  186  16:07  Missile Turret  
  168  16:18  Marauder  
  127  16:19  Marine x4, Marauder  
  127  16:21  Marauder  
  127  16:22  Marine  
  109  16:28  Marine  
  99  16:34  Viking x2  
  99  16:37  Marine x3  
  106  16:40  Marine  
  106  16:41  Starport, Marauder  
  106  16:44  Starport  
  106  16:45  Ghost  
  106  16:46  Marine x2, Ghost x3  
  117  16:47  Liberator x2  
  117  16:55  Marine x3  
  117  16:58  Marine  
  121  17:01  Ghost  
  121  17:04  Marine x2  
  131  17:12  Marine x2  
  131  17:13  Marine  
  131  17:14  Ghost x2  
  131  17:15  Marauder  
  141  17:16  Marine  
  141  17:21  Viking  
  141  17:22  Marine  
  144  17:23  Terran Ship Weapons Level 2, Viking  
  146  17:31  Missile Turret  
  146  17:33  Marine x2, Marauder x2  
  152  17:39  Marine  
  152  17:42  Liberator, Marine x2  
  155  17:47  Marine, Viking, Marauder  
  155  17:49  Marine, Marauder  
  163  17:56  Viking  
  155  18:16  Viking  
  155  18:18  Marine, Marauder  
  155  18:19  Marine  
  121  18:20  Marauder  
  121  18:24  Marauder  
  121  18:25  Marine  
  121  18:26  Marine  
  121  18:27  Marine x2, Marauder x2  
  81  18:36  Marine, Viking  
  81  18:37  Marine  
  81  18:39  Marine  
  83  18:45  Orbital Command  
  83  18:46  Viking  
  85  18:59  Orbital Command, Medivac x2  
  89  19:20  Orbital Command  
  89  19:21  Viking  
  91  19:25  Viking  
  93  19:32  Viking  
  95  19:39  Medivac  
  97  19:49  Refinery  
  97  19:53  SCV  
  97  19:56  SCV  
  101  20:09  SCV x2  

Tags
 
Add a new tag
Caveats
  • Supply blocks, unpowered buildings, or Contaminate may cause inaccurate times.
  • Supply counts are checked every 10 seconds.